 Dungeon Crawl Stone Soup version 0.28.0-43-g3370ac3207 (webtiles) character file.

Game seed: 13170980917276137951

51 croobank the Firebug (level 3, -7/26 HPs)
             Began as a Gnoll Fire Elementalist on Mar 1, 2022.
             Mangled by a gnoll
             ... wielding a +2 halberd of venom
              (16 damage)
             ... on level 2 of the Dungeon.
             The game lasted 00:05:23 (1986 turns).

croobank the Firebug (Gnoll Fire Elementalist)      Turns: 1986, Time: 00:05:28

Health: -7/26      AC:  4    Str:  7    XL:     3   Next: 83%
Magic:  1/9        EV: 13    Int: 16    God:
Gold:   79         SH:  0    Dex: 12    Spells: 9/12 levels left

rFire   . . .      SeeInvis .   f - +0 short sword
rCold   . . .      Faith    .   (no shield)
rNeg    . . .      Spirit   .   a - +0 robe
rPois   .          Reflect  .   m - +0 helmet
rElec   .          Harm     .   (no cloak)
rCorr   .          Rampage  .   c - +0 pair of gloves
Will    .....                   (no boots)
Stlth   ++........              (no amulet)
HPRegen 0.08/turn               (no ring)
MPRegen 0.11/turn               (no ring)

@: lethally poisoned (-7 -> -29)
A: fangs 1, strong nose, distributed training
a: no special abilities


You were on level 2 of the Dungeon.
You visited 1 branch of the dungeon, and saw 2 of its levels.

You collected 79 gold pieces.

Inventory:

Hand Weapons
 f - a +0 short sword (weapon)
 g - a +0 hand axe
 n - a +0 quarterstaff
Missiles
 d - 39 stones
 h - 4 poisoned darts (quivered)
 k - 11 arrows
Armour
 a - a +0 robe (worn)
 c - a +0 pair of gloves (worn)
 m - a +0 helmet (worn)
Jewellery
 b - a +4 ring of protection
 l - an amulet of guardian spirit
Scrolls
 e - a scroll of blinking
 i - a scroll of silence {unknown}
Potions
 j - a potion of curing


   Skills:
 + Level 1.0 Fighting
 + Level 1.0 Short Blades
 + Level 1.0 Long Blades
 + Level 1.0 Axes
 + Level 1.0 Maces & Flails
 + Level 1.0 Polearms
 + Level 1.0 Staves
 + Level 1.0 Slings
 + Level 1.0 Bows
 + Level 1.0 Crossbows
 + Level 1.0 Throwing
 + Level 1.0 Armour
 + Level 4.6 Dodging
 + Level 4.2 Stealth
 + Level 1.0 Shields
 + Level 1.0 Unarmed Combat
 + Level 5.0 Spellcasting
 + Level 2.1 Conjurations
 + Level 0.7 Hexes
 + Level 0.7 Summonings
 + Level 0.7 Necromancy
 + Level 0.7 Translocations
 + Level 0.7 Transmutations
 + Level 5.4 Fire Magic
 + Level 0.7 Ice Magic
 + Level 0.7 Air Magic
 + Level 0.7 Earth Magic
 + Level 0.7 Poison Magic
 + Level 1.0 Invocations
 + Level 1.0 Evocations


You had 9 spell levels left.
You knew the following spells:

 Your Spells              Type           Power      Damage    Failure   Level
a - Foxfire               Conj/Fire      64%        2x1d7     3%          1
b - Scorch                Fire           42%        2d7       2%          2

Your spell library contained the following spells:

 Spells                   Type           Power      Damage    Failure   Level
 Conjure Flame            Conj/Fire      16%        6-21      10%         3
 Inner Flame              Hex/Fire       13%        N/A       13%         3
 Flame Wave               Conj/Fire      16%        2d6       32%         4


Dungeon Overview and Level Annotations

Branches:
Dungeon (2/15)

Altars:


Innate Abilities, Weirdness & Mutations

You have very sharp teeth.
Your uncanny sense of smell can sniff out nearby items.
Your experience applies equally to all skills.


Message History

Flames lash the gnoll.
The gnoll is burned terribly!
You kill the gnoll!
Your Fighting skill increases to level 1!
Your Short Blades skill increases to level 1!
Your Long Blades skill increases to level 1!
Your Axes skill increases to level 1!
Your Maces & Flails skill increases to level 1!
Your Polearms skill increases to level 1!
Your Staves skill increases to level 1!
Your Slings skill increases to level 1!
Your Bows skill increases to level 1!
Your Crossbows skill increases to level 1!
Your Throwing skill increases to level 1!
Your Armour skill increases to level 1!
Your Shields skill increases to level 1!
Your Unarmed Combat skill increases to level 1!
Your Evocations skill increases to level 1!
Casting: Scorch (safe; 2% risk of failure)
Confirm with . or Enter, or press ? or * to list all spells.
Flames lash the gnoll.
The gnoll is severely wounded.
The gnoll's fire resistance burns away.
The gnoll closely misses you.
A ball python comes into view.
Casting: Scorch (safe; 2% risk of failure)
Confirm with . or Enter, or press ? or * to list all spells.
You don't know that spell.
The gnoll hits you with a +2 halberd of venom.
You see here a +0 flail of protection.
You closely miss the gnoll.
The gnoll is severely wounded.
The gnoll closely misses you.
You closely miss the gnoll.
The gnoll is severely wounded.
The gnoll closely misses you.
You hit the gnoll but do no damage. You bite the gnoll, but do no damage.
The gnoll is severely wounded.
The gnoll hits you with a +2 halberd of venom!
You are lethally poisoned!
The gnoll hits you with a +2 halberd of venom!
Ouch! That really hurt!
You die...

##.# ...# #..# # #..#
#### #.# #..# #.. .$
#..# ##.##.# #..#
#..@gS# ####..#
#..##...... ......#
##..## #.#.#
.####.#######....#.#...
.##..................#
.
.##.#.#######....###.#
.##.#.# #....+ ∆ ∆
.##.#.# #....# .##.#.#
#....#


You could see a gnoll (combustible) and a ball python.

Vanquished Creatures
  2 gnolls (D:2)
  A worm (D:2)
  A giant cockroach (D:1)
  3 goblins (D:1)
  3 hobgoblins
  3 jackals (D:1)
  3 kobolds
  A quokka (D:2)
  4 ball pythons
  3 bats (D:1)
  3 frilled lizards (D:1)
  2 rats (D:1)
29 creatures vanquished.

Vanquished Creatures (others)
  53 foxfires
  A fungus (D:1)
  A plant (D:1)
55 creatures vanquished.

Grand Total: 84 creatures vanquished

Notes
Turn   | Place    | Note
-------+----------+-------------------------------------------
     0 | D:1      | croobank the Gnoll Fire Elementalist began the quest for
                  | the Orb.
     0 | D:1      | Reached XP level 1. HP: 13/13 MP: 6/6
   307 | D:1      | Reached XP level 2. HP: 19/19 MP: 3/7
   464 | D:1      | Learned a level 2 spell: Scorch
  1202 | D:1      | Found a faded altar of an unknown god.
  1452 | D:2      | Reached XP level 3. HP: 21/25 MP: 5/9
  1515 | D:2      | Reached skill level 5 in Spellcasting
  1980 | D:2      | Reached skill level 1 in Invocations
  1982 | D:2      | Reached skill level 1 in Fighting
  1982 | D:2      | Reached skill level 1 in Short Blades
  1982 | D:2      | Reached skill level 1 in Long Blades
  1982 | D:2      | Reached skill level 1 in Axes
  1982 | D:2      | Reached skill level 1 in Maces & Flails
  1982 | D:2      | Reached skill level 1 in Polearms
  1982 | D:2      | Reached skill level 1 in Staves
  1982 | D:2      | Reached skill level 1 in Slings
  1982 | D:2      | Reached skill level 1 in Bows
  1982 | D:2      | Reached skill level 1 in Crossbows
  1982 | D:2      | Reached skill level 1 in Throwing
  1982 | D:2      | Reached skill level 1 in Armour
  1982 | D:2      | Reached skill level 1 in Shields
  1982 | D:2      | Reached skill level 1 in Unarmed Combat
  1982 | D:2      | Reached skill level 1 in Evocations
  1986 | D:2      | Mangled by a gnoll

Illustrated notes

Levels and vault maps discovered:
D:1:      roderic_octagonal_star, layout_loops_corners,
          shapermc_ecumenical_altar_mp_urbaneastern
D:2:      layout_basic

Skill      XL: |  1  2  3 |
---------------+----------+-----
Conjurations   | 2 |  2.1
Spellcasting   | 5 |  5.0
Invocations    | 1 |  1.0
Fighting       | 1 |  1.0
Short Blades   | 1 |  1.0
Long Blades    | 1 |  1.0
Axes           | 1 |  1.0
Maces & Flails | 1 |  1.0
Polearms       | 1 |  1.0
Staves         | 1 |  1.0
Slings         | 1 |  1.0
Bows           | 1 |  1.0
Crossbows      | 1 |  1.0
Throwing       | 1 |  1.0
Armour         | 1 |  1.0
Shields        | 1 |  1.0
Unarmed Combat | 1 |  1.0
Evocations     | 1 |  1.0
Dodging        | |  4.6
Stealth        | |  4.2
Hexes          | |  0.7
Summonings     | |  0.7
Necromancy     | |  0.7
Translocations | |  0.7
Transmutations | |  0.7
Fire Magic     | |  5.4
Ice Magic      | |  0.7
Air Magic      | |  0.7
Earth Magic    | |  0.7
Poison Magic   | |  0.7

Action                   || total
-------------------------++-------
Melee: Unarmed           ||     8
       Short sword       ||    22
       Bite              ||     3
       Punch             ||     1
 Cast: Foxfire           ||    32
       Scorch            ||    13
  Use: Scroll            ||     2
Armor: Robe              ||     2
Dodge: Dodged            ||    23
